AoeStats
← Tomato

Oasis

507807074Analyzed
4v4 RM · 12d ago on Sep 19, 2026· 16m 52s· 8 players
Game mode
Random Map
Map size
Large (8 player)
Population
200
Speed
Normal
Resources
Standard
Victory
Conquest
Starting age
Dark Age
Ending age
Imperial Age
RankedLock teamsTeams togetherTeam positionsShared explorationLock speedFull tech treeHidden civsTurbo modeCheats
Victory
Defeat
🇨🇳 Maya · China
1486
+11
🇫🇷 Franks · France
1348
+16
🇨🇳 Franks · China
1348
+16
🇧🇷 Slavs · Brazil
1327
+18
🇲🇽 Saracens · Mexico
1400
-17
🇳🇱 Britons · Netherlands
1369
-16
🇲🇽 Ethiopians · Mexico
1335
-14
🇺🇸 Gurjaras · United States
1322
-14
Planck Walk
7:13 Loom
9:21 Feudal Age
9:59 Double-Bit Axe
13:51 Scale Barding Armor
AMLOver
6:08 Loom
8:48 Feudal Age
9:20 Double-Bit Axe
15:09 Fletching
[GDL] ColimoteStudioS
5:25 Loom
9:14 Feudal Age
Tomato
6:57 Loom
9:56 Feudal Age
10:39 Double-Bit Axe
13:31 Fletching
13:42 Padded Archer Armor
14:44 Wheelbarrow
15:01 Horse Collar
差不多先生
6:45 Loom
9:19 Feudal Age
10:43 Double-Bit Axe
13:26 Scale Barding Armor
Kuroko
8:52 Loom
10:39 Feudal Age
15:14 Castle Age
13:42 Double-Bit Axe
15:30 Scale Barding Armor
15:37 Bloodlines
刀他(她)
7:35 Loom
9:46 Feudal Age
12:33 Double-Bit Axe
Bz_青红
5:50 Loom
9:13 Feudal Age
14:09 Fletching
15:39 Padded Archer Armor
Connection lost

Rejoining the realm…

Still unreachable

The connection could not be restored.

Session expired

The server has moved on; the page needs a fresh start.